 Dungeon Crawl Stone Soup version 0.25-a0-340-ga1faa1601d (webtiles) character file.

Game seed: 5806025344721889525, levelgen mode: classic

4531 Borgoz the Basher (level 10, -5/97 HPs)
             Began as a Gargoyle Fighter on Dec 30, 2019.
             Was a Believer of Okawaru.
             Slain by a komodo dragon (10 damage)
             ... on level 8 of the Dungeon.
             The game lasted 00:15:07 (8754 turns).

Borgoz the Basher (Gargoyle Fighter)                Turns: 8754, Time: 00:15:08

Health: -5/97      AC: 28    Str: 21    XL:     10   Next: 39%
Magic:  10/10      EV:  2    Int:  9    God:    Okawaru [**....]
Gold:   395        SH: 10    Dex: 18    Spells: 9/9 levels left

rFire    . . .     SeeInvis .   E - +9 short sword of Defiance {freeze, rElec}
rCold    . . .     Gourm    +   C - +0 shield {AC+3}
rNeg     + + +     Faith    .   (armour currently unavailable)
rPois    ∞         Spirit   .   (helmet currently unavailable)
rElec    +         Reflect  .   (cloak currently unavailable)
rCorr    .         Harm     .   (gloves currently unavailable)
MR       .....     NoTele   +   (boots currently unavailable)
Stlth    ++........             q - amulet of the gourmand
HPRegen  0.26/turn              (no ring)
MPRegen  0.12/turn              x - ring "Woagasse" {+Inv +Fly Dex+2 Stlth-}

@: agile, tree-form, hasted and slowed
A: negative energy resistance 1, petrification resistance, rot immunity, AC +7
a: Heroism, Renounce Religion, Evoke Invisibility


You were on level 8 of the Dungeon.
You worshipped Okawaru.
Okawaru was pleased with you.
You were completely stuffed.
You were a tree.
You visited 2 branches of the dungeon, and saw 9 of its levels.
You also visited: Ossuary.

You collected 417 gold pieces.
You spent 22 gold pieces at shops.

Inventory:

Hand Weapons
 a - a +0 morningstar
 p - the +5 short sword of Brawling {pain, Str+2 Int+3}
   (You found it on level 6 of the Dungeon)

   In the hands of one skilled in necromantic magic, it inflicts extra damage on
   living creatures.
   It affects your strength (+2).
   It affects your intelligence (+3).
 E - the +9 short sword of Defiance (weapon) {freeze, rElec}
   (You found it on level 7 of the Dungeon)

   It has been specially enchanted to freeze those struck by it, causing extra
   injury to most foes and up to half again as much damage against particularly
   susceptible opponents.
   It can also slow down cold-blooded creatures.
   It insulates you from electricity.
Armour
 g - a +3 scale mail (melded)
 j - a scarf of repulsion (melded)
 C - a +0 shield of protection (worn)
 D - a +1 ring mail of fire resistance
Jewellery
 b - an uncursed ring of positive energy
 m - an uncursed amulet of the acrobat
 n - an uncursed ring of flight
 q - an amulet of the gourmand (around neck)
 x - the ring "Woagasse" (right branch) {+Inv +Fly Dex+2 Stlth-}
   (You found it on level 5 of the Dungeon)

   [ring of attention]

   It affects your dexterity (+2).
   It lets you turn invisible.
   It lets you fly.
   It makes you less stealthy.
 z - an uncursed ring of fire
Wands
 c - a wand of acid (8)
 h - a wand of scattershot (5)
 o - a wand of iceblast (3)
Scrolls
 e - 8 scrolls of teleportation
 k - 4 scrolls of remove curse
 l - a scroll of magic mapping
 s - 3 scrolls of fog
 v - 2 scrolls of identify
 y - 3 scrolls of amnesia
 G - a scroll of noise {unknown}
Potions
 d - a potion of mutation
 i - a potion of lignification
 r - a potion of resistance
 u - 4 potions of flight
 w - a potion of haste
 A - a potion of curing
 B - a potion of cancellation
Comestibles
 f - 11 rations
 F - 7 chunks of flesh


   Skills:
 + Level 8.7 Fighting
 * Level 10.4 Maces & Flails
 + Level 8.6 Armour
 - Level 5.0 Shields


You had 9 spell levels left.
You didn't know any spells.
Your spell library was empty.

Dungeon Overview and Level Annotations

Branches:
Dungeon (8/15)             Temple (1/1) D:6         Ossuary (visited)
   Lair: D:8-11

Altars:
Ashenzari
Cheibriados
Dithmenos
Elyvilon
Fedhas
Gozag
Hepliaklqana
Kikubaaqudgha
Makhleb
Nemelex Xobeh
Okawaru
Qazlal
Ru
Sif Muna
Trog
Uskayaw
Vehumet
Wu Jian
Xom
Yredelemnul
Zin
The Shining One

Shops:
D:6 }*

Annotations:
D:8 Erica


Innate Abilities, Weirdness & Mutations

You are resistant to torment.
((Your stone body is resilient. (AC +7)))
You are immune to poison.
You resist negative energy. (rN+)
((You are resistant to electric shocks. (rElec)))
((You can survive without breathing.))
You are immune to petrification.
You are immune to rotting.


Message History

Erica is heavily wounded.
Erica hits you but does no damage.
You puncture Erica! You freeze Erica.
Erica is severely wounded.
Erica hits you but does no damage.
The komodo dragon bites you but does no damage.
You closely miss Erica.
Erica is severely wounded.
Erica points at you and mumbles some strange words.
The lance of force hits you!
* * * LOW HITPOINT WARNING * * *
The komodo dragon bites you but does no damage.
You hit Erica but do no damage.
Erica is severely wounded.
You block Erica's attack. The komodo dragon bites you!
* * * LOW HITPOINT WARNING * * *
Unknown command.
You feel as though your hastened speed will last longer.
Erica hits you but does no damage. The komodo dragon bites you!
You die...

##.# #..†.. #..
#)†).. ##.# #.....
######..######.....
#..........##......
#$.........##.#.###
#..........##.#.#
#..@.>.....##.#.###
#.♣l........l.....#
############.##.#..
#....# .# #..#### .
#. .# # #


You could see Erica and a komodo dragon.

Vanquished Creatures
  2 unseen horrors
  Pikel (D:4)
  Duvessa (D:6)
  An ice beast (D:7)
  A sky beast (D:6)
  4 slaves
  A phantom (D:3)
  An orc warrior (D:8)
  2 ogres
  A necrophage (D:8)
  2 black bears
  A centaur (D:5)
  A big kobold (D:8)
  3 bullfrogs
  Blork the orc (D:4)
  Dowan (D:6)
  3 scorpions
  3 wights (D:6)
  3 howler monkeys
  5 crimson imps
  A hound (D:2)
  3 jellies (D:3)
  4 orc priests
  2 orc wizards (D:4)
  A centaur skeleton (D:7)
  Crazy Yiuf (D:4)
  A bullfrog skeleton (D:7)
  Ijyb (D:3)
  3 iguanas
  5 worker ants
  8 big kobold zombies (Ossuary)
  A mummy (Ossuary)
  A worker ant zombie (D:5)
  Robin (D:2)
  4 gnolls
  11 adders
  3 shadow imps
  13 oozes
  2 worms
  4 dart slugs (D:1)
  9 leopard geckos
  17 orcs
  3 spectral bats (Ossuary)
  10 bats
  8 giant cockroaches
  4 gnoll zombies (Ossuary)
  18 goblins
  10 hobgoblins
  21 jackals
  20 kobolds
  2 quokkas
  3 ball pythons
  4 bat simulacra (Ossuary)
  6 frilled lizards
  A goblin simulacrum (Ossuary)
  2 goblin zombies (Ossuary)
  5 hobgoblin zombies (Ossuary)
  2 kobold simulacra (Ossuary)
  6 kobold zombies (Ossuary)
  5 orc zombies (Ossuary)
  7 rats
  7 rat simulacra (Ossuary)
  3 spectral goblins (Ossuary)
  2 spectral kobolds (Ossuary)
  2 spectral rats (Ossuary)
  A plant (D:1)
286 creatures vanquished.

Vanquished Creatures (others)
  3 fungi (D:3)
  2 plants (D:8)
  10 toadstools (D:3)
15 creatures vanquished.

Grand Total: 301 creatures vanquished

Notes
Turn   | Place    | Note
-------+----------+-------------------------------------------
     0 | D:1      | Borgoz the Gargoyle Fighter began the quest for the Orb.
     0 | D:1      | Reached XP level 1. HP: 14/14 MP: 1/1
   421 | D:1      | Reached XP level 2. HP: 15/19 MP: 2/2
   705 | D:1      | Reached XP level 3. HP: 20/23 MP: 3/3
  1155 | D:1      | Reached skill level 3 in Maces & Flails
  1155 | D:1      | Reached XP level 4. HP: 20/29 MP: 4/4
  1892 | D:2      | Found a burning altar of Makhleb.
  1903 | D:2      | Reached XP level 5. HP: 23/33 MP: 5/5
  1964 | D:2      | Noticed Robin
  1979 | D:2      | Killed Robin
  2626 | D:3      | Reached skill level 4 in Maces & Flails
  2626 | D:3      | Reached XP level 6. HP: 37/39 MP: 6/6
  2649 | D:3      | Found an ornate altar of the Wu Jian Council.
  2650 | D:3      | Noticed Ijyb
  2660 | D:3      | Noticed a phantom
  2667 | D:3      | Killed Ijyb
  2687 | D:3      | Killed a phantom
  2985 | D:3      | Reached XP level 7. HP: 39/44 MP: 7/7
  3000 | D:3      | Reached skill level 5 in Maces & Flails
  3318 | D:4      | Reached skill level 5 in Fighting
  3318 | D:4      | Reached skill level 5 in Shields
  3328 | D:4      | Noticed Pikel
  3760 | D:4      | Killed Pikel
  3760 | D:4      | Reached skill level 6 in Maces & Flails
  3760 | D:4      | Reached skill level 5 in Armour
  3760 | D:4      | Reached XP level 8. HP: 17/51 MP: 8/8
  4084 | D:4      | Noticed Blork the orc
  4097 | D:4      | Killed Blork the orc
  4641 | D:4      | Found a runed translucent door.
  4642 | D:4      | Noticed Crazy Yiuf
  4756 | D:4      | Killed Crazy Yiuf
  5108 | D:5      | Entered Level 5 of the Dungeon
  5189 | D:5      | Reached skill level 7 in Maces & Flails
  5256 | D:5      | Got a translucent glass ring
  5706 | D:5      | Found a snail-covered altar of Cheibriados.
  5738 | D:6      | Identified the ring "Woagasse" {+Inv +Fly Dex+2 Stlth-}
                  | (You found it on level 5 of the Dungeon)
  5797 | D:6      | Got a translucent short sword
  5798 | D:6      | Identified the +5 short sword of Brawling {pain, Str+2
                  | Int+3} (You found it on level 6 of the Dungeon)
  5846 | D:6      | Reached XP level 9. HP: 38/56 MP: 9/9
  6008 | D:6      | Reached skill level 8 in Maces & Flails
  6163 | D:6      | Found a staircase to the Ecumenical Temple.
  6194 | D:6      | Killed an unseen horror
  6531 | Temple   | Entered the Ecumenical Temple
  6546 | Temple   | Became a worshipper of Warmaster Okawaru
  6768 | D:6      | Found Nipun's Gadget Shoppe.
  6768 | D:6      | Noticed Duvessa
  6768 | D:6      | Noticed Dowan
  6778 | D:6      | Killed Duvessa
  6778 | D:6      | Reached skill level 9 in Maces & Flails
  6790 | D:6      | Killed Dowan
  6814 | D:6      | Found Monuh's General Store.
  6817 | D:6      | Bought a scroll of identify for 22 gold pieces
  7196 | D:7      | Killed an unseen horror
  7196 | D:7      | Reached * piety under Okawaru
  7196 | D:7      | Reached XP level 10. HP: 13/64 MP: 10/10
  7317 | D:7      | Found a sand-covered staircase.
  7333 | Ossuary  | Entered an ossuary
  7738 | Ossuary  | Reached skill level 10 in Maces & Flails
  7903 | D:7      | Reached ** piety under Okawaru
  8410 | D:7      | Got a warped short sword
  8411 | D:7      | Identified the +9 short sword of Defiance {freeze, rElec}
                  | (You found it on level 7 of the Dungeon)
  8570 | D:8      | Found a hazy altar of Hepliaklqana.
  8718 | D:8      | Noticed Erica
  8754 | D:8      | Slain by a komodo dragon

Levels and vault maps discovered:
D:1:      nicolae_arrival_somewhat_less_tricky_arrival, layout_basic,
          serial_forest, infiniplex_forest_clump_long,
          infiniplex_forest_lined_corner, infiniplex_forest_end_1,
          infiniplex_forest_lined_4_way, infiniplex_forest_diagonal,
          infiniplex_forest_clump_medium, infiniplex_forest_clump_small,
          infiniplex_forest_lined_2, st_stairs_1, dk_noncrumbling_2
D:2:      minmay_diamond_boxcup, layout_rooms, makhleb_heckhound_becter,
          uniq_robin
D:3:      cheibrodos_fertilizer, layout_loops_cross, old_standard_altar,
          first_ration, chequers_serial_rivers_micro_e, minmay_misc_feat_five,
          uniq_ijyb
D:4:      cheibrodos_old_hovel, layout_cave_pools, uniq_crazy_yiuf_cottage,
          uniq_blork_the_orc, uniq_pikel
D:5:      lemuel_upstairs_altar, layout_cave_pools, serial_column_ruins,
          column_ruins_open_tiny, column_ruins_grid_1,
          column_ruins_columns_straight, column_ruins_grid_2,
          kennysheep_big_empty_room
D:6:      layout_rooms, minmay_temple_entry_nine_rooms, serial_shops,
          nicolae_shop_trees, kennysheep_mini, uniq_duvessa
D:7:      layout_basic, lightli_ossuary_entry_decrepit_ruins
D:8:      layout_rooms, overflow_temple_1_default, david_lair_shrubbed,
          grunt_ogre_cave, minmay_misc_feat_diagonals, uniq_erica
Temple:   regret_index_temple_chain_breaker

Skill      XL: |  1  2  3  4  5  6  7  8  9 10 |
---------------+-------------------------------+-----
Maces & Flails | 3 4 6 7 9 10 | 10.4
Fighting       | 4 5 6 8 |  8.7
Shields        | 4 5 |  5.0
Armour         | 4 5 6 8 |  8.6

Action                   |  1- 3 |  4- 6 |  7- 9 | 10-12 || total
-------------------------+-------+-------+-------+-------++-------
Melee: Flail             |   191 |   277 |   139 |       ||   607
       Whip              |       |       |   100 |       ||   100
       Morningstar       |       |       |   236 |   180 ||   416
       Short sword       |       |       |    15 |    92 ||   107
  Use: Potion            |       |       |     5 |     6 ||    11
       Scroll            |       |       |    14 |     1 ||    15
 Stab: Invisible         |       |       |     1 |       ||     1
  Eat: Chunk             |     1 |    19 |    19 |     7 ||    46
Armor: Scale mail        |   135 |   173 |   354 |   156 ||   818
       Skin              |       |       |       |     7 ||     7
Dodge: Dodged            |    63 |   114 |   113 |    72 ||   362
       Deflected         |       |     4 |     1 |     1 ||     6
Block: Shield            |   116 |   202 |   261 |   147 ||   726

Table legend:
 A = Non-vault XP
 B = Vault XP
 C = Vault XP percentage of total XP
 D = Non-vault monster count
 E = Vault monster count
 F = Vault count percentage of total count
                 A         B        C        D         E       F
            +---------+---------+-------+---------+---------+-------
      Total |    4763 |    1711 |  26.4 |     174 |     107 |  38.1
            +---------+---------+-------+---------+---------+-------
        D:1 |      92 |      10 |   9.8 |      36 |       2 |   5.3
        D:2 |      61 |     109 |  64.1 |      22 |      22 |  50.0
        D:3 |     269 |     239 |  47.0 |      28 |      21 |  42.9
        D:4 |     282 |     734 |  72.2 |       8 |       4 |  33.3
        D:5 |     316 |       0 |   0.0 |      14 |       0 |   0.0
        D:6 |    1599 |     223 |  12.2 |      28 |       2 |   6.7
        D:7 |    1268 |       0 |   0.0 |      11 |       0 |   0.0
        D:8 |     876 |     118 |  11.9 |      27 |       1 |   3.6
    Ossuary |       0 |     278 | 100.0 |       0 |      55 | 100.0
            +---------+---------+-------+---------+---------+-------
